 Dungeon Crawl Stone Soup version 0.29.0-15-g675c0067aa (webtiles) character file.

Game seed: 737122330827574819

12404 qw the Cleaver (level 11, -15/71 HPs)
             Began as a Gargoyle Fighter on Sept 12, 2022.
             Was a High Priest of Okawaru.
             Demolished by a dire elephant (21 damage)
             ... on level 2 of the Lair of Beasts.
             The game lasted 00:03:08 (9500 turns).

qw the Cleaver (Gargoyle Fighter)                   Turns: 9500, Time: 00:03:08

Health: -15/71     AC: 29    Str: 24    XL:     11   Next: 92%
Magic:  17/17      EV:  9    Int:  9    God:    Okawaru [*****.]
Gold:   689        SH: 11    Dex:  9    Spells: 10/10 levels left

rFire   . . .      SeeInvis +   w - +0 broad axe (flame)
rCold   + . .      Faith    .   b - +0 kite shield
rNeg    + . .      Spirit   .   l - +0 chain mail
rPois   inf        Reflect  .   (no helmet)
rElec   +          Harm     .   A - +1 cloak
rCorr   .          Rampage  .   u - +2 pair of gloves
Will    .....                   j - +2 pair of boots
Stlth   ..........              (no amulet)
HPRegen 0.21/turn               k - ring of protection from cold
MPRegen 0.15/turn               i - ring of see invisible

@: about to teleport, heroic
A: sickness immunity, AC +8, negative energy resistance 1, electricity
resistance, torment resistance 1, petrification resistance
a: Renounce Religion, Heroism, Finesse, Duel


You were on level 2 of the Lair of Beasts.
You worshipped Okawaru.
Okawaru was extremely pleased with you.
You visited 3 branches of the dungeon, and saw 11 of its levels.

You collected 689 gold pieces.


Innate Abilities, Weirdness & Mutations

You are immune to sickness and miasma.
Your stone body is resilient. (AC +8)
You are immune to poison.
You resist negative energy. (rN+)
You are resistant to electric shocks. (rElec)
You are resistant to unholy torment.
You are immune to petrification.


   Skills:
 - Level 9.0(14.0) Fighting
 - Level 11.4(16.4) Axes
 - Level 3.6(8.6) Throwing
 - Level 6.0(11.0) Armour
 - Level 1.9(6.9) Dodging
 + Level 7.7(12.7) Shields
 + Level 8.3 Invocations


You had 10 spell levels left.
You didn't know any spells.
Your spell library was empty.

Inventory:

Hand Weapons
 w - a +0 broad axe of flaming (weapon)
Missiles
 g - 3 boomerangs
 y - 3 javelins (quivered)
Armour
 b - a +0 kite shield (worn)
 j - a +2 pair of boots (worn)
 l - a +0 chain mail (worn)
 u - a +2 pair of gloves (worn)
 A - a +1 cloak (worn)
Jewellery
 c - a ring of magical power
 i - a ring of see invisible (right hand)
 k - a ring of protection from cold (left hand)
Scrolls
 f - a scroll of identify
Potions
 a - 2 potions of mutation
 d - 2 potions of might
 e - a potion of attraction
 h - a potion of haste
 m - a potion of magic
 p - a potion of invisibility {unknown}
 q - 2 potions of lignification
 r - a potion of ambrosia {unknown}
 t - 3 potions of curing

Dungeon Overview and Level Annotations

Branches:
Dungeon (8/15)             Temple (1/1) D:7            Lair (2/5) D:8
 Shoals (0/4) Lair:2
  Snake: Lair:2-3    Spider: Lair:2-3

Altars:
Ashenzari
Cheibriados
Dithmenos
Elyvilon
Fedhas
Gozag
Hepliaklqana
Kikubaaqudgha
Makhleb
Nemelex Xobeh
Okawaru
Qazlal
Ru
Sif Muna
Trog
Uskayaw
Vehumet
Wu Jian
Yredelemnul
Zin
The Shining One

Shops:
D:1 *

Annotations:
D:8 1 transporter, qw's ghost, novice MiBe


Message History

The cane toad stings you. You block the cane toad's attack.
The cane toad stings you but does no damage.
You closely miss the cane toad.
The cane toad is almost dead.
You hit the cane toad. You burn the cane toad. You slash the cane toad!
You burn the cane toad. You slash the cane toad! You burn the cane toad.
You slash the dire elephant! You burn the dire elephant.
You block the cane toad's attack. You block the dire elephant's attack.
The dire elephant trunk-slaps you but does no damage.
You block the cane toad's attack. The cane toad stings you!
You slice the cane toad!! You burn the cane toad.
You kill the cane toad!
Okawaru is honoured by your kill. Okawaru grants you armour!
Something appears at your feet!
You see here the +15 crystal plate armour of the Moneychanger {-Tele rN++ Str+4}.
You hit the dire elephant. You burn the dire elephant.
You hit the cane toad but do no damage. You barely miss the cane toad.
You hit the cane toad but do no damage.
The cane toad stings you but does no damage.
The cane toad stings you!
The dire elephant tramples you but does no damage.
The dire elephant trunk-slaps you.
The cane toad stings you but does no damage.
9499 ||| READING scroll of teleportation.
As you read the scroll of teleportation, it crumbles to dust.
You feel strangely unstable. You block the cane toad's attack.
The cane toad stings you but does no damage.
The dire elephant tramples you but does no damage.
The dire elephant trunk-slaps you but does no damage.
The cane toad stings you but does no damage.
The cane toad barely misses you.
The cane toad stings you but does no damage.
You hit the cane toad but do no damage.
The cane toad is almost dead.
You hit the cane toad. You burn the cane toad.
You completely miss the cane toad. You slash the dire elephant!
You burn the dire elephant. The dire elephant tramples you!!
You die...

~~~~~~~~..##.....#
~~~~~~...##....P ....
h~~~...~ #....##....
#~~~... ##....##.... #~~~..
##.....##....
##~~..###......##.#P.
#~~~..##..%.....#..P.
#~~FYF#...%%.........
#~~F@##..............
#~~%.##...........[%.
#~~%..#.............. ####
#~~~..#........#...#. #..#
##~~.....~~~..#...... ##.##
#~~~.(.~~~~.........
#...####~~~~~~~~~#..#......
#
#.[.#.###~~~~~~~....#......
#
#....###########...........


You could see a dire elephant, 3 cane toads and a wolf.

Vanquished Creatures
  A hydra (Lair:1)
  2 manticores (Lair:2)
  Maurice (D:8)
  A cane toad (Lair:2)
  3 komodo dragons
  A wind drake (Lair:2)
  9 blink frogs (Lair:2)
  A wyvern (D:8)
  19 yaks
  3 water moccasins
  An orc warrior (D:6)
  3 ice beasts
  3 sky beasts
  2 black bears
  A hornet zombie (D:7)
  3 ogres
  9 wolves
  3 phantoms
  A centaur (D:6)
  3 kobold brigands
  2 necrophages (D:7)
  2 bullfrogs
  A gnoll sergeant (D:8)
  13 wights
  2 electric eels (Lair:2)
  4 bullfrog zombies (D:7)
  2 centaur zombies (D:7)
  6 hounds
  3 jellies
  A gnoll bouda (D:6)
  An orc priest (D:6)
  4 iguanas
  4 orc wizards
  A howler monkey zombie (D:7)
  5 adders
  12 gnolls
  A shadow imp (D:8)
  A white imp (D:5)
  An ufetubus (D:6)
  2 worms
  A dart slug (D:4)
  21 orcs
  4 endoplasms
  A giant cockroach (D:4)
  11 goblins
  4 hobgoblins
  2 jackals (D:4)
  23 kobolds
  4 quokkas
  7 ball pythons
  2 bats
  4 frilled lizards
  9 rats
  A spectral hobgoblin (D:6)
232 creatures vanquished.

Vanquished Creatures (others)
  A fungus (D:8)
  5 plants
6 creatures vanquished.

Grand Total: 238 creatures vanquished

Notes
Turn   | Place    | Note
-------+----------+-------------------------------------------
     0 | D:1      | qw the Gargoyle Fighter began the quest for the Orb.
     0 | D:1      | Reached XP level 1. HP: 14/14 MP: 1/1
     0 | D:1      | 0 ||| qw: Version: 0.1-a-119-g272c26d
     0 | D:1      | 0 ||| qw: Game counter: 10964
     0 | D:1      | 0 ||| qw: Always use a shield: true
     0 | D:1      | 0 ||| qw: God list: Okawaru
     0 | D:1      | 0 ||| qw: Allow faded altars: false
     0 | D:1      | 0 ||| qw: Do Orc after D:15 true
     0 | D:1      | 0 ||| qw: Do second Lair branch before Depths: true
     0 | D:1      | 0 ||| qw: Lair rune preference: random
     0 | D:1      | 0 ||| qw: Plans: Normal, Zot, God:TSO, Crypt, Tomb, Pan,
                  | Slime, Hells, Zig, Abyss, Orb
     0 | D:1      | 0 ||| PLANNING D:1-11
    72 | D:1      | Found Zazuipp's Assorted Antiques.
    81 | D:1      | 81 ||| SHOPLISTING 2 glowing green potions (45 gold, have
                  | 0).
    81 | D:1      | 81 ||| SHOPLISTING inky potion (22 gold, have 0).
    81 | D:1      | 81 ||| SHOPLISTING scroll labelled LAETTI DAAL (25 gold,
                  | have 0).
    81 | D:1      | 81 ||| SHOPLISTING scroll labelled TEOWNU INAPOT (25 gold,
                  | have 0).
    81 | D:1      | 81 ||| SHOPLISTING scroll labelled UHYASHRELIY (25 gold,
                  | have 0).
    81 | D:1      | 81 ||| SHOPLISTING scroll labelled VOURHI ZUOFU (25 gold,
                  | have 0).
    81 | D:1      | 81 ||| SHOPLISTING tubular bone ring (125 gold, have 0).
   105 | D:1      | Reached skill level 2 in Axes
   274 | D:1      | Found a faded altar of an unknown god.
   318 | D:1      | Reached XP level 2. HP: 19/19 MP: 2/2
   414 | D:1      | 414 ||| Stepping ~*~*~tactically~*~*~ (stealth).
   415 | D:1      | 415 ||| Stepping ~*~*~tactically~*~*~ (stealth).
   416 | D:1      | 416 ||| Stepping ~*~*~tactically~*~*~ (stealth).
   821 | D:1      | 821 ||| UPGRADING to +0 pair of boots.
   826 | D:1      | 826 ||| UPGRADING to ring of protection from cold.
   827 | D:1      | 827 ||| READING scroll labelled VOURHI ZUOFU.
   828 | D:1      | 828 ||| READING scroll labelled HUCYDO ZICUH.
   829 | D:1      | 829 ||| READING scroll labelled QIVVYH AJOEM.
   830 | D:1      | 830 ||| READING scroll labelled DUECUE ITSEN.
   831 | D:1      | 831 ||| READING scroll labelled NESO HAIVISEH.
   913 | D:2      | Reached skill level 3 in Axes
   942 | D:2      | 942 ||| READING scroll of enchant armour.
   942 | D:2      | 942 ||| ENCHANTING +0 pair of boots.
   991 | D:2      | Reached XP level 3. HP: 23/23 MP: 3/3
  1306 | D:2      | 1306 ||| UPGRADING to +0 pair of gloves.
  1311 | D:2      | 1311 ||| UPGRADING to +0 chain mail.
  1321 | D:2      | 1321 ||| DROPPING +0 scale mail.
  1322 | D:2      | 1322 ||| READING scroll labelled LAETTI DAAL.
  1543 | D:3      | Reached XP level 4. HP: 28/28 MP: 4/4
  1615 | D:3      | Found a sparkling altar of Nemelex Xobeh.
  1623 | D:3      | Reached skill level 4 in Axes
  1636 | D:3      | Found an ancient bone altar of Kikubaaqudgha.
  2048 | D:3      | Reached XP level 5. HP: 32/32 MP: 5/5
  2318 | D:3      | 2318 ||| UPGRADING to +2 pair of gloves.
  2328 | D:3      | 2328 ||| DROPPING +0 pair of gloves.
  2329 | D:3      | 2329 ||| DRINKING 2 glowing puce potions.
  2330 | D:3      | 2330 ||| DROPPING potion of degeneration.
  2377 | D:4      | 2377 ||| Stepping ~*~*~tactically~*~*~ (stealth).
  2499 | D:4      | Reached skill level 5 in Axes
  2677 | D:4      | 2677 ||| Stepping ~*~*~tactically~*~*~ (hiding).
  2820 | D:4      | Reached XP level 6. HP: 38/38 MP: 6/6
  2900 | D:4      | 2900 ||| Stepping ~*~*~tactically~*~*~ (hiding).
  2905 | D:4      | Found a glowing golden altar of the Shining One.
  2905 | D:4      | Found a white marble altar of Elyvilon.
  2907 | D:4      | 2907 ||| Stepping ~*~*~tactically~*~*~ (hiding).
  2908 | D:4      | 2908 ||| Stepping ~*~*~tactically~*~*~ (hiding).
  2909 | D:4      | 2909 ||| Stepping ~*~*~tactically~*~*~ (hiding).
  2915 | D:4      | Reached skill level 6 in Axes
  3024 | D:4      | 3024 ||| FLEEEEING.
  3033 | D:4      | 3033 ||| FLEEEEING.
  3034 | D:4      | 3034 ||| FLEEEEING.
  3035 | D:4      | 3035 ||| FLEEEEING.
  3036 | D:4      | 3036 ||| STAIRDANCE
  3110 | D:3      | 3110 ||| READING 2 scrolls labelled MOOTYW QYEKOC.
  3111 | D:3      | 3111 ||| READING 2 scrolls labelled JOFUOBL YSORR.
  3116 | D:3      | 3116 ||| DRINKING 2 white potions.
  3117 | D:3      | 3117 ||| READING 2 scrolls of identify.
  3117 | D:3      | 3117 ||| IDENTIFYING fuming clear potion
  3118 | D:3      | 3118 ||| DROPPING scroll of poison.
  3195 | D:4      | Found a glowing silver altar of Zin.
  3199 | D:4      | Found a snail-covered altar of Cheibriados.
  3205 | D:4      | Found a burning altar of Makhleb.
  3208 | D:4      | Found a hide-covered altar of Uskayaw.
  3321 | D:4      | 3321 ||| DRINKING 2 coppery potions.
  3328 | D:5      | Entered Level 5 of the Dungeon
  3331 | D:5      | Reached skill level 1 in Dodging
  3334 | D:5      | Reached XP level 7. HP: 43/43 MP: 7/7
  3622 | D:5      | Found a stormy altar of Qazlal.
  3745 | D:5      | 3745 ||| READING scroll of enchant armour.
  3745 | D:5      | 3745 ||| ENCHANTING +1 pair of boots.
  3805 | D:5      | Reached skill level 7 in Axes
  3856 | D:5      | 3856 ||| DROPPING +0 whip.
  3916 | D:5      | 3916 ||| Stepping ~*~*~tactically~*~*~ (hiding).
  4044 | D:5      | 4044 ||| DROPPING +1 whip of freezing.
  4215 | D:5      | 4215 ||| READING scroll labelled ESHIDD PULIST.
  4216 | D:5      | 4216 ||| DRINKING 2 fizzy amethyst potions.
  4217 | D:5      | 4217 ||| READING 2 scrolls of identify.
  4217 | D:5      | 4217 ||| IDENTIFYING inky potion
  4224 | D:6      | 4224 ||| STAIRDANCE
  4244 | D:6      | 4244 ||| STAIRDANCE
  4252 | D:5      | Reached XP level 8. HP: 42/49 MP: 8/8
  4303 | D:6      | 4303 ||| Stepping ~*~*~tactically~*~*~ (stealth).
  4338 | D:6      | 4338 ||| Stepping ~*~*~tactically~*~*~ (hiding).
  4339 | D:6      | 4339 ||| Stepping ~*~*~tactically~*~*~ (hiding).
  4351 | D:6      | 4351 ||| FLEEEEING.
  4354 | D:6      | 4354 ||| FLEEEEING.
  4355 | D:6      | 4355 ||| FLEEEEING.
  4356 | D:6      | 4356 ||| FLEEEEING.
  4357 | D:6      | 4357 ||| FLEEEEING.
  4358 | D:6      | 4358 ||| FLEEEEING.
  4543 | D:6      | Reached skill level 8 in Axes
  4543 | D:6      | 4543 ||| DROPPING +0 flail.
  4566 | D:6      | 4566 ||| Stepping ~*~*~tactically~*~*~ (stealth).
  4568 | D:6      | 4568 ||| Stepping ~*~*~tactically~*~*~ (hiding).
  4570 | D:6      | 4570 ||| Stepping ~*~*~tactically~*~*~ (hiding).
  4674 | D:6      | Reached skill level 6 in Fighting
  4800 | D:6      | Found a hazy altar of Hepliaklqana.
  4988 | D:6      | 4988 ||| FLEEEEING.
  4989 | D:6      | 4989 ||| FLEEEEING.
  4990 | D:6      | 4990 ||| FLEEEEING.
  4991 | D:6      | 4991 ||| FLEEEEING.
  4992 | D:6      | 4992 ||| FLEEEEING.
  4993 | D:6      | 4993 ||| FLEEEEING.
  4994 | D:6      | 4994 ||| FLEEEEING.
  4995 | D:6      | 4995 ||| FLEEEEING.
  4997 | D:6      | 4997 ||| FLEEEEING.
  4999 | D:6      | 4999 ||| FLEEEEING.
  5000 | D:6      | 5000 ||| FLEEEEING.
  5001 | D:6      | 5001 ||| FLEEEEING.
  5002 | D:6      | 5002 ||| FLEEEEING.
  5003 | D:6      | 5003 ||| FLEEEEING.
  5004 | D:6      | 5004 ||| FLEEEEING.
  5005 | D:6      | 5005 ||| FLEEEEING.
  5006 | D:6      | 5006 ||| FLEEEEING.
  5007 | D:6      | 5007 ||| FLEEEEING.
  5008 | D:6      | 5008 ||| FLEEEEING.
  5010 | D:6      | 5010 ||| FLEEEEING.
  5013 | D:6      | 5013 ||| Stepping ~*~*~tactically~*~*~ (hiding).
  5019 | D:6      | Reached XP level 9. HP: 29/55 MP: 9/9
  5020 | D:6      | Reached skill level 9 in Axes
  5034 | D:6      | 5034 ||| FLEEEEING.
  5039 | D:6      | 5039 ||| STAIRDANCE
  5159 | D:5      | 5159 ||| DRINKING 2 silvery potions.
  5205 | D:5      | 5205 ||| READING 2 scrolls of identify.
  5205 | D:5      | 5205 ||| IDENTIFYING fuming green potion
  5206 | D:5      | 5206 ||| DROPPING potion of berserk rage.
  5396 | D:6      | 5396 ||| UPGRADING to ring of see invisible.
  5484 | D:7      | Found a staircase to the Ecumenical Temple.
  5485 | D:7      | 5485 ||| PLANNING TEMPLE
  5485 | D:7      | 5485 ||| READING 2 scrolls of identify.
  5485 | D:7      | 5485 ||| IDENTIFYING metallic blue potion
  5486 | D:7      | 5486 ||| DROPPING potion of magic.
  5653 | Temple   | Entered the Ecumenical Temple
  5806 | Temple   | 5806 ||| PLANNING D:1-11
  5831 | Temple   | Became a worshipper of Warmaster Okawaru
  5925 | D:7      | Found a shimmering blue altar of Sif Muna.
  6168 | D:7      | Reached * piety under Okawaru
  6198 | D:7      | Found a basalt altar of Yredelemnul.
  6208 | D:7      | Reached skill level 1 in Invocations
  6612 | D:7      | 6612 ||| DRINKING 2 glowing green potions.
  6613 | D:7      | 6613 ||| DROPPING potion of brilliance.
  6638 | D:8      | 6638 ||| Stepping ~*~*~tactically~*~*~ (hiding).
  6640 | D:8      | 6640 ||| INVOKING Heroism.
  6644 | D:8      | Reached skill level 3 in Invocations
  6673 | D:8      | 6673 ||| INVOKING Heroism.
  6676 | D:8      | Reached skill level 10 in Axes
  6676 | D:8      | Reached XP level 10. HP: 63/63 MP: 9/12
  6708 | D:8      | 6708 ||| DROPPING +3 flail.
  6728 | D:8      | Identified the +8 great mace of Grontol {speed, Drain rPois
                  | Str+2 Dex+2}
  6732 | D:8      | Found a transporter.
  6732 | D:8      | Noticed qw's ghost (novice MiBe)
  6738 | D:8      | 6738 ||| INVOKING Heroism.
  6796 | D:8      | 6796 ||| Stepping ~*~*~tactically~*~*~ (stealth).
  6801 | D:8      | 6801 ||| Stepping ~*~*~tactically~*~*~ (stealth).
  6811 | D:8      | 6811 ||| FLEEEEING.
  6812 | D:8      | 6812 ||| FLEEEEING.
  6813 | D:8      | 6813 ||| FLEEEEING.
  6814 | D:8      | 6814 ||| FLEEEEING.
  6815 | D:8      | 6815 ||| FLEEEEING.
  6816 | D:8      | 6816 ||| FLEEEEING.
  6817 | D:8      | 6817 ||| FLEEEEING.
  6818 | D:8      | 6818 ||| FLEEEEING.
  6819 | D:8      | 6819 ||| FLEEEEING.
  6820 | D:8      | 6820 ||| FLEEEEING.
  6821 | D:8      | 6821 ||| FLEEEEING.
  6822 | D:8      | 6822 ||| FLEEEEING.
  6823 | D:8      | 6823 ||| FLEEEEING.
  6824 | D:8      | 6824 ||| FLEEEEING.
  6957 | D:8      | 6957 ||| Stepping ~*~*~tactically~*~*~ (stealth).
  6961 | D:8      | 6961 ||| Stepping ~*~*~tactically~*~*~ (stealth).
  6966 | D:8      | Reached ** piety under Okawaru
  6994 | D:8      | Found a staircase to the Lair.
  7051 | D:8      | 7051 ||| Stepping ~*~*~tactically~*~*~ (stealth).
  7053 | D:8      | 7053 ||| INVOKING Heroism.
  7054 | D:8      | 7054 ||| Stepping ~*~*~tactically~*~*~ (stealth).
  7073 | D:8      | 7073 ||| Stepping ~*~*~tactically~*~*~ (stealth).
  7074 | D:8      | 7074 ||| Stepping ~*~*~tactically~*~*~ (stealth).
  7115 | D:8      | Noticed Maurice
  7116 | D:8      | 7116 ||| Stepping ~*~*~tactically~*~*~ (hiding).
  7127 | D:8      | Killed Maurice
  7128 | D:8      | Reached skill level 3 in Throwing
  7166 | D:8      | Found a flagged portal.
  7575 | D:8      | 7575 ||| Stepping ~*~*~tactically~*~*~ (stealth).
  7600 | D:8      | 7600 ||| PLANNING LAIR
  7600 | D:8      | 7600 ||| UPGRADING to +0 cloak.
  7605 | D:8      | 7605 ||| READING scroll of enchant armour.
  7605 | D:8      | 7605 ||| ENCHANTING +0 cloak.
  7606 | D:8      | 7606 ||| DROPPING +6 ring of intelligence.
  7607 | D:8      | 7607 ||| READING scroll labelled YRYWKOGOTO.
  7607 | D:8      | Identified a scroll of acquirement
  7607 | D:8      | 7607 ||| ACQUIRING +0 broad axe of venom
  7607 | D:8      | Acquired a +0 broad axe of venom
  7609 | D:8      | 7609 ||| SWAPPING to +0 broad axe of venom.
  7610 | D:8      | 7610 ||| DROPPING +1 spectral war axe.
  7611 | D:8      | 7611 ||| READING scroll of brand weapon.
  7611 | D:8      | 7611 ||| BRANDING +0 broad axe of venom.
  7612 | D:8      | 7612 ||| DROPPING +1 flail of protection.
  7661 | Lair:1   | Entered Level 1 of the Lair of Beasts
  7675 | Lair:1   | 7675 ||| INVOKING Heroism.
  7679 | Lair:1   | 7679 ||| Stepping ~*~*~tactically~*~*~ (stealth).
  7680 | Lair:1   | 7680 ||| Stepping ~*~*~tactically~*~*~ (stealth).
  7687 | Lair:1   | Reached skill level 6 in Armour
  7689 | Lair:1   | Noticed a five-headed hydra
  7693 | Lair:1   | 7693 ||| INVOKING Heroism.
  7698 | Lair:1   | Reached *** piety under Okawaru
  7704 | Lair:1   | Killed a one-headed hydra
  7704 | Lair:1   | Reached **** piety under Okawaru
  7705 | Lair:1   | Reached skill level 11 in Axes
  7708 | Lair:1   | Reached XP level 11. HP: 20/68 MP: 12/14
  7711 | Lair:1   | HP: 15/69 [wolf (6)]
  7712 | Lair:1   | 7712 ||| READING 2 scrolls of teleportation.
  7713 | Lair:1   | 7713 ||| DRINKING potion of heal wounds.
  7714 | Lair:1   | 7714 ||| INVOKING Heroism.
  7876 | Lair:1   | 7876 ||| INVOKING Heroism.
  7889 | Lair:1   | Reached skill level 9 in Fighting
  8069 | Lair:1   | 8069 ||| INVOKING Heroism.
  8070 | Lair:1   | 8070 ||| Stepping ~*~*~tactically~*~*~ (stealth).
  8088 | Lair:1   | Reached skill level 6 in Invocations
  8474 | Lair:1   | 8474 ||| UPGRADING to +0 kite shield.
  8484 | Lair:1   | 8484 ||| DROPPING +0 buckler.
  8485 | Lair:1   | 8485 ||| READING 2 scrolls of identify.
  8485 | Lair:1   | 8485 ||| IDENTIFYING green potion
  8486 | Lair:1   | 8486 ||| DROPPING potion of flight.
  8514 | Lair:2   | 8514 ||| INVOKING Heroism.
  8516 | Lair:2   | 8516 ||| Stepping ~*~*~tactically~*~*~ (stealth).
  8517 | Lair:2   | 8517 ||| Stepping ~*~*~tactically~*~*~ (stealth).
  8521 | Lair:2   | 8521 ||| Stepping ~*~*~tactically~*~*~ (stealth).
  8533 | Lair:2   | Reached ***** piety under Okawaru
  8715 | Lair:2   | 8715 ||| INVOKING Heroism.
  8730 | Lair:2   | Reached skill level 6 in Shields
  8937 | Lair:2   | Identified the +0 robe "Ruuggeasom" {Str+5}
  8948 | Lair:2   | 8948 ||| INVOKING Heroism.
  8970 | Lair:2   | 8970 ||| INVOKING Heroism.
  9180 | Lair:2   | Found a staircase to the Shoals.
  9180 | Lair:2   | Noticed a manticore
  9181 | Lair:2   | 9181 ||| INVOKING Heroism.
  9195 | Lair:2   | Killed a manticore
  9393 | Lair:2   | 9393 ||| Stepping ~*~*~tactically~*~*~ (stealth).
  9398 | Lair:2   | 9398 ||| INVOKING Heroism.
  9474 | Lair:2   | 9474 ||| Stepping ~*~*~tactically~*~*~ (stealth).
  9476 | Lair:2   | 9476 ||| INVOKING Heroism.
  9483 | Lair:2   | Noticed a dire elephant
  9484 | Lair:2   | Noticed a manticore
  9495 | Lair:2   | Killed a manticore
  9498 | Lair:2   | Identified the +15 crystal plate armour of the Moneychanger
                  | {-Tele rN++ Str+4} (Okawaru gifted it to you on level 2 of
                  | the Lair of Beasts)
  9498 | Lair:2   | Received a gift from Okawaru
  9498 | Lair:2   | HP: 6/71 [cane toad (14)]
  9499 | Lair:2   | 9499 ||| READING scroll of teleportation.
  9500 | Lair:2   | Demolished by a dire elephant

Levels and vault maps discovered:
D:1:      lightli_arrival_chessboard, layout_loops_ring, serial_shops, shop,
          shapermc_ecumenical_altar_pompeii
D:2:      layout_rooms
D:3:      layout_loops_corners, mainiacjoe_overflow_alcove_4,
          mainiacjoe_overflow_catwalk, minmay_misc_feat_iff,
          minmay_misc_feat_columns, kennysheep_generic_room_5
D:4:      layout_loops_ring, nicolae_overflow_hallway_of_the_gods
D:5:      layout_basic, grunt_qazlal_sundering
D:6:      layout_basic, nicolae_hepliaklqana_monster_ancestors
D:7:      layout_cave_pods, amcnicky_altar_gilded,
          nicolae_yredelemnul_corpse_copse, minmay_temple_entry_glass
D:8:      layout_basic, dpeg_oklobed_lair, gammafunk_ghost_smash,
          enter_bailey_3, uniq_maurice
Temple:   chequers_temple_sunken
Lair:1:   layout_cave_shapes, infiniplex_staircase_pool, grunt_megastairs_4,
          lemuel_fruit_tree, lemuel_fruit_fields
Lair:2:   layout_regular_city, minmay_shoals_entry_beasts, enter_volcano_4,
          nicolae_lair_lakeside_cave, grunt_megastairs_1

Skill      XL: |  1  2  3  4  5  6  7  8  9 10 11 |
---------------+----------------------------------+-----
Axes           | 2 3 4 5 6 7 8 10 11 | 11.4
Fighting       | 4 5 6 7 8 9 |  9.0
Dodging        | 1 |  1.9
Throwing       | 2 3 |  3.6
Armour         | 4 5 6 |  6.0
Shields        | 4 5 7 |  7.7
Invocations    | 3 4 8 |  8.3

Action                   |  1- 3 |  4- 6 |  7- 9 | 10-12 || total
-------------------------+-------+-------+-------+-------++-------
Melee: War axe           |    44 |    55 |   165 |    60 ||   324
       Broad axe         |       |       |       |   188 ||   188
Throw: Boomerang         |    43 |    38 |    59 |    13 ||   153
       Javelin           |       |       |       |    30 ||    30
Invok: Heroism           |       |       |     2 |    14 ||    16
  Use: Scroll            |     7 |     3 |     5 |     6 ||    21
       Potion            |       |     3 |     3 |     1 ||     7
 Stab: Distracted        |       |       |     2 |     1 ||     3
Armor: Scale mail        |    28 |       |       |       ||    28
       Chain mail        |     1 |    17 |    75 |   131 ||   224
Dodge: Dodged            |    17 |    15 |    55 |   114 ||   201
Block: Buckler           |     5 |     9 |    21 |    38 ||    73
       Kite shield       |       |       |       |    58 ||    58

Table legend:
 A = Non-vault XP
 B = Vault XP
 C = Vault XP percentage of total XP
 D = Non-vault monster count
 E = Vault monster count
 F = Vault count percentage of total count
                 A         B        C        D         E       F
            +---------+---------+-------+---------+---------+-------
      Total |   13485 |    4236 |  23.9 |     203 |      29 |  12.5
            +---------+---------+-------+---------+---------+-------
        D:1 |      26 |       0 |   0.0 |      18 |       0 |   0.0
        D:2 |      47 |       0 |   0.0 |       7 |       0 |   0.0
        D:3 |      58 |      45 |  43.7 |      18 |       2 |  10.0
        D:4 |     357 |       0 |   0.0 |      24 |       0 |   0.0
        D:5 |     733 |       0 |   0.0 |      20 |       0 |   0.0
        D:6 |    1185 |       3 |   0.3 |      22 |       2 |   8.3
        D:7 |    1215 |     411 |  25.3 |      21 |       8 |  27.6
        D:8 |    1362 |     504 |  27.0 |      34 |       5 |  12.8
     Lair:1 |    5941 |     356 |   5.7 |      27 |       3 |  10.0
     Lair:2 |    2561 |    2917 |  53.2 |      12 |       9 |  42.9
            +---------+---------+-------+---------+---------+-------
